 Dungeon Crawl Stone Soup version 0.28.0-47-ge53b351184 (webtiles) character file.

Game seed: 15082526183903020455

112 Cak3Hol3 the Shooter (level 4, -3/37 HPs)
             Began as a Minotaur Hunter on May 2, 2022.
             Was a Believer of Fedhas.
             Killed by nerve-wracking pain
             ... invoked by an orc priest
              (9 damage)
             ... on level 3 of the Dungeon.
             The game lasted 00:14:59 (2442 turns).

Cak3Hol3 the Shooter (Minotaur Hunter)              Turns: 2442, Time: 00:14:59

Health: -3/37      AC:  9    Str: 16    XL:     4   Next: 63%
Magic:  3/3        EV:  7    Int:  8    God:    Fedhas [**....]
Gold:   129        SH:  0    Dex: 13    Spells: 3/3 levels left

rFire   . . .      SeeInvis .   b - +0 short sword
rCold   . . .      Faith    .   (no shield)
rNeg    . . .      Spirit   .   n - +0 chain mail
rPois   .          Reflect  .   (helmet restricted)
rElec   .          Harm     .   (no cloak)
rCorr   .          Rampage  .   l - +0 pair of gloves
Will    .....                   (no boots)
Stlth   ..........              (no amulet)
HPRegen 0.12/turn               (no ring)
MPRegen 0.08/turn               (no ring)

@: very slow
A: horns 2, retaliatory headbutt
a: Renounce Religion, Wall of Briars


You were on level 3 of the Dungeon.
You worshipped Fedhas.
Fedhas was pleased with you.
You visited 1 branch of the dungeon, and saw 3 of its levels.

You collected 129 gold pieces.

Inventory:

Hand Weapons
 a - a +1 shortbow
 b - a +0 short sword (weapon)
 o - a +0 dagger
 p - a +0 hunting sling
Missiles
 d - 3 arrows
 i - 125 stones (quivered)
 m - 22 bolts
Armour
 c - a +0 leather armour
 k - a +0 helmet
 l - a +0 pair of gloves (worn)
 n - a +0 chain mail (worn)
Scrolls
 e - 2 scrolls of fear {unknown}
 f - a scroll of vulnerability {unknown}
 g - 3 scrolls of identify {unknown}
 h - a scroll of immolation {unknown}
 j - 2 scrolls of teleportation {unknown}


   Skills:
 + Level 2.9 Fighting
 + Level 0.4 Short Blades
 + Level 0.5 Slings
 + Level 5.9 Bows
 + Level 1.6 Armour
 + Level 2.5 Dodging
 + Level 1.0 Stealth


You had 3 spell levels left.
You didn't know any spells.
Your spell library was empty.

Dungeon Overview and Level Annotations

Branches:
Dungeon (3/15)

Altars:
Fedhas

Portals:
Sewer: D:3

Annotations:
D:2 Jessica, Robin


Innate Abilities, Weirdness & Mutations

You have a pair of horns on your head.
You reflexively headbutt those who attack you in melee.


Message History

You don't know any spells.
Your library has no spells.
You walk carefully through the plants.
You are engulfed in a cloud of scalding steam.
* * * LOW HITPOINT WARNING * * *
The plant is engulfed in a cloud of scalding steam. x2
You hear some strange, mumbled words.
A magic dart appears from out of thin air!
The magic dart hits you but does no damage.
The orc priest splashes around in the water.
Reactivating autopickup.
You enter the shallow water.
Moving in this stuff is going to be slow.
You feel less confused.
A nearby plant withers and dies.
The orc priest miscasts a cantrip.
A nearby plant withers and dies.
The orc priest looks satisfied for a moment.
You walk carefully through the plants.
You hear the quick rusting of a drain very nearby.
You cannot walk through the dense trees.
You enter the shallow water.
Moving in this stuff is going to be slow.
An adder comes into view.
The adder hisses angrily.
The adder bites the plant.
The plant begins to die.
The orc priest hits you but does no damage.
The adder bites you.
* * * LOW HITPOINT WARNING * * *
Really attack while wielding your +0 hunting sling?
Okay, then.
You are too injured to fight recklessly!
b - a +0 short sword (weapon)
A nearby plant withers and dies.
The adder completely misses you. You furiously retaliate!
You headbutt the adder.
Your unstable footing causes you to fumble your attack.
The orc priest invokes the aid of Beogh against you.
Pain shoots through your body!
You die...
Fedhas appreciates your contribution to the ecosystem.

≈P≈ #.....
≈≈≈≈≈≈≈≈≈≈≈≈≈≈≈≈ ♣.....
≈≈≈≈≈≈≈≈≈≈≈≈≈≈≈♣≈≈♣♣....
≈≈≈≈≈≈≈≈≈≈≈≈≈P≈≈≈≈♣P<...
≈≈≈≈≈≈≈≈≈≈≈≈P♣P≈≈≈♣≈....
≈≈≈≈≈≈≈≈≈≈≈≈≈≈≈≈≈♣≈.....
≈≈≈≈≈≈≈≈≈≈≈≈♣≈P≈♣≈##....
≈≈≈≈P≈SP♣P≈≈≈≈≈≈≈# ##..#
♣≈@o≈≈♣♣≈≈♣♣## ##.
♣♣P♣♣≈♣♣≈....## #.
♣♣♣≈P.........###.
#..............#
###..............# #
##.P≈.............###.
##P..P..............##.
##PP≈P≈P≈.............##
#P≈≈♣P♣≈≈P≈......†......


You could see an orc priest and an adder.

Vanquished Creatures
  4 adders
  A worm (D:2)
  3 orcs (D:3)
  3 endoplasms
  A giant cockroach (D:1)
  10 goblins
  12 hobgoblins
  5 kobolds
  2 quokkas
  8 ball pythons
  7 bats
  2 frilled lizards (D:3)
  6 rats
64 creatures vanquished.

Vanquished Creatures (others)
  An orc wizard (D:3)
  28 plants (D:3)
29 creatures vanquished.

Grand Total: 93 creatures vanquished

Notes
Turn   | Place    | Note
-------+----------+-------------------------------------------
     0 | D:1      | Cak3Hol3 the Minotaur Hunter began the quest for the Orb.
     0 | D:1      | Reached XP level 1. HP: 18/18 MP: 0/0
   249 | D:1      | Reached XP level 2. HP: 25/25 MP: 1/1
   304 | D:1      | Reached skill level 5 in Bows
   384 | D:1      | Found a faded altar of an unknown god.
   790 | D:1      | Prayed at the altar of an unknown god.
   790 | D:1      | Became a worshipper of Fedhas Madash
   790 | D:1      | Reached * piety under Fedhas
  1152 | D:2      | Reached XP level 3. HP: 30/30 MP: 2/2
  1346 | D:2      | Reached skill level 1 in Armour
  1895 | D:2      | Reached skill level 1 in Stealth
  1897 | D:2      | Noticed Robin
  1897 | D:2      | Noticed Jessica
  1929 | D:3      | Reached XP level 4. HP: 28/37 MP: 3/3
  2259 | D:3      | Reached ** piety under Fedhas
  2357 | D:3      | Found a glowing drain.
  2442 | D:3      | Killed from afar by an orc priest

Illustrated notes

Levels and vault maps discovered:
D:1:      lightli_iron_boxes, layout_basic, nicolae_ecumenical_snake_handling,
          amethyst_killhole
D:2:      layout_loops_ring, uniq_jessica, uniq_robin
D:3:      cheibrodos_greedy_goblins, layout_rooms, portal_sewer_entry_d,
          serial_bayou, serial_bayou_lake_a, serial_bayou_pond_c,
          serial_bayou_crossing, serial_bayou_shore_b, serial_bayou_pond_b

Skill      XL: |  1  2  3 |
---------------+----------+-----
Bows           | 5 |  5.9
Armour         | 1 |  1.6
Stealth        | 1 |  1.0
Fighting       | |  2.9
Short Blades   | |  0.4
Slings         | |  0.5
Dodging        | |  2.5

Action                   |  1- 3 |  4- 6 || total
-------------------------+-------+-------++-------
Melee: Shortbow          |     9 |       ||     9
       Short sword       |    20 |    40 ||    60
       Headbutt          |     4 |     8 ||    12
       Hunting sling     |       |     1 ||     1
 Fire: Shortbow          |    80 |       ||    80
       Hunting sling     |       |    26 ||    26
Armor: Leather armour    |    16 |     9 ||    25
       Chain mail        |       |    28 ||    28
Dodge: Dodged            |    51 |    22 ||    73
